 Dungeon Crawl Stone Soup version 0.28-a0-863-g8cecda6153 (webtiles) character file.

Game seed: 1395937520842708753

366 lunkers the Ruffian (level 6, -2/60 (62) HPs)
             Began as a Troll Cinder Acolyte on Nov 17, 2021.
             Was a High Priest of Ignis.
             Slain by a wight (3 damage)
             ... on level 4 of the Dungeon.
             The game lasted 00:03:46 (2338 turns).

lunkers the Ruffian (Troll Cinder Acolyte)          Turns: 2338, Time: 00:03:47

HP:   -2/60 (62)    AC:  4    Str: 25    XL:     6   Next: 40%
MP:   6/6           EV:  9    Int: 10    God:    Ignis [*****.]
Gold: 174           SH:  0    Dex:  5    Spells: 7/7 levels left

rFire   + . .      SeeInvis .     - Unarmed
rCold   . . .      Faith    .   (no shield)
rNeg    . . .      Spirit   .   a - +0 robe
rPois   .          Reflect  .   (helmet restricted)
rElec   .          Harm     .   (no cloak)
rCorr   .          Rampage  .   (gloves unavailable)
Will    .....                   (boots unavailable)
Stlth   +.........              (no amulet)
HPRegen 1.20/turn               (no ring)
MPRegen 0.10/turn               (no ring)

@: lightly drained
A: large, unfitting armour, claws 3, regeneration 1, shaggy fur 1, tough skin 1
a: Renounce Religion, Sea of Fire, Foxfire Swarm, Rising Flame


You were on level 4 of the Dungeon.
You worshipped Ignis.
Ignis was extremely pleased with you.
You visited 1 branch of the dungeon, and saw 4 of its levels.

You collected 174 gold pieces.

Inventory:

Missiles
 c - 13 poisoned darts (quivered)
Armour
 a - a +0 robe (worn)
Wands
 m - a wand of polymorph (5)
Scrolls
 b - a scroll of acquirement {unknown}
 d - 3 scrolls of identify {unknown}
 g - a scroll of noise {unknown}
 h - a scroll of teleportation {unknown}
 k - a scroll of fog {unknown}
 l - a scroll of immolation {unknown}
Potions
 e - 2 potions of heal wounds {unknown}
 f - a potion of berserk rage {unknown}
 i - a potion of haste {unknown}
 j - a potion of mutation {unknown}
 n - a potion of brilliance {unknown}
 o - 2 potions of flight {unknown}
 p - a potion of curing {unknown}


   Skills:
 + Level 4.0 Fighting
 * Level 6.2 Unarmed Combat
 - Level 1.0 Spellcasting
 - Level 2.1 Fire Magic


You had 7 spell levels left.
You didn't know any spells.
Your spell library contained the following spells:

 Spells                   Type           Power      Damage    Failure   Level
 Scorch                   Fire           8%         2d5       22%         2
 Animate Skeleton         Necr           0%         N/A       34%         1
 Magic Dart               Conj           0%         1d3       34%         1
 Pain                     Necr           0%         1d4       34%         1
 Searing Ray              Conj           0%         2d4       45%         2
 Gell's Gravitas          Tloc           0%         N/A       71%         3
 Lesser Beckoning         Tloc           0%         N/A       71%         3
 Teleport Other           Tloc           0%         N/A       71%         3
 Vampiric Draining        Necr           0%         2d6       71%         3
 Fulminant Prism          Conj/Hex       0%         3d6       98%         4


Dungeon Overview and Level Annotations

Branches:
Dungeon (4/15)
 Temple: D:4-7

Altars:
Gozag

Shops:
D:1 !


Innate Abilities, Weirdness & Mutations

You are too large for most types of armour.
You have claws for hands.
Your natural rate of healing is unusually fast.
You are covered in fur. (AC +1)
You have tough skin. (AC +1)


Message History

No target in view!
No target in view!
Things that are here:
a +0 long sword; a +0 robe 2 wights come into view.
A wight is wielding a +5 war axe of freezing.
You see here a poisoned dart.
There are monsters nearby!
There are monsters nearby!
You throw a poisoned dart. The poisoned dart hits the wight.
You throw a poisoned dart.
The poisoned dart closely misses the wight.
You throw a poisoned dart.
The poisoned dart closely misses the wight.
You throw a poisoned dart. The poisoned dart hits the wight.
You throw a poisoned dart. The poisoned dart hits the wight.
You scratch the wight but do no damage. The wight hits you but does no damage.
You closely miss the wight.
The wight hits you with a +5 war axe of freezing!
The wight freezes you. The wight hits you with a +0 falchion.
You barely miss the wight. The wight completely misses you.
You claw the wight!
You destroy the wight!
The wight hits you with a +5 war axe of freezing!
* * * LOW HITPOINT WARNING * * *
The wight freezes you!
* * * LOW HITPOINT WARNING * * *
Your Fighting skill increases to level 4!
You closely miss the wight.
The wight hits you with a +5 war axe of freezing.
* * * LOW HITPOINT WARNING * * *
The wight freezes you.
* * * LOW HITPOINT WARNING * * *
You closely miss the wight.
The wight hits you with a +5 war axe of freezing!
* * * LOW HITPOINT WARNING * * *
You feel drained.
* * * LOW HITPOINT WARNING * * *
The wight freezes you.
You die...

#.#.........##.....##+##......#.
#.#.........######## #.....[#.
#>..........'....## ###+#..#
###......(..##....# .....#
###.........##....## .....#
#............+.....# .....#+
#...........##.....##.## .......
#...........##..)......# #......
#...........##.@...(...# ###....
#...........#.()z......# #....
#.......#####((.#[.....# #....
#.......# #(..#!.....# #....
#.......# #...#..[...# #....
######### (..........# #....
......#..#.## ##### .(..... ...#


You could see a wight.

Vanquished Creatures
  A black bear (D:4)
  An ogre (D:4)
  2 wights (D:4)
  A hound skeleton (D:4)
  2 adders
  2 worms (D:2)
  A dart slug (D:4)
  6 orcs (D:4)
  3 endoplasms
  A giant cockroach (D:2)
  5 goblins
  9 hobgoblins
  7 jackals (D:1)
  2 quokkas
  5 ball pythons
  7 bats
  2 frilled lizards (D:1)
  6 kobolds
  2 rats
65 creatures vanquished.

Notes
Turn   | Place    | Note
-------+----------+-------------------------------------------
     0 | D:1      | lunkers the Troll Cinder Acolyte began the quest for the
                  | Orb.
     0 | D:1      | Reached XP level 1. HP: 22/22 MP: 1/1
   149 | D:1      | Found Evoil's Distillery.
   251 | D:1      | Reached XP level 2. HP: 29/29 MP: 2/2
   438 | D:1      | Found a faded altar of an unknown god.
   803 | D:2      | Reached XP level 3. HP: 36/36 MP: 3/3
   828 | D:2      | Reached skill level 4 in Unarmed Combat
  1035 | D:2      | Found an opulent altar of Gozag.
  1525 | D:3      | Reached XP level 4. HP: 45/45 MP: 4/4
  1939 | D:4      | Noticed a black bear
  1949 | D:4      | Killed a black bear
  1950 | D:4      | Reached skill level 5 in Unarmed Combat
  1950 | D:4      | Reached XP level 5. HP: 45/53 MP: 5/5
  2095 | D:4      | Noticed an ogre
  2104 | D:4      | Killed an ogre
  2105 | D:4      | Reached XP level 6. HP: 31/62 MP: 6/6
  2323 | D:4      | Reached skill level 6 in Unarmed Combat
  2338 | D:4      | HP: 1/60 [wight (3)]
  2338 | D:4      | Slain by a wight

Illustrated notes

Levels and vault maps discovered:
D:1:      tarquinn_simple_flora_water_e, layout_basic, serial_shops, shop,
          hellmonk_ecumenical_altar_dog_temple
D:2:      layout_rooms, basic_altar, minivault_26,
          minmay_fractal_squares_gapless_5
D:3:      layout_loops_cross
D:4:      layout_basic, cheibrodos_worm_habitat,
          minmay_temple_entry_glassed_door

Skill      XL: |  1  2  3  4  5  6 |
---------------+-------------------+-----
Unarmed Combat | 4 5 6 |  6.2
Fighting       | 3 4 |  4.0
Spellcasting   | |  1.0
Fire Magic     | |  2.1

Action                   |  1- 3 |  4- 6 || total
-------------------------+-------+-------++-------
Melee: Unarmed           |    91 |    49 ||   140
       Punch             |     4 |       ||     4
Throw: Dart              |    84 |    40 ||   124
Armor: Robe              |    41 |    10 ||    51
Dodge: Dodged            |    37 |    10 ||    47

Table legend: (Time is in decaauts)
 A = Elapsed time spent in this place.
 B = Non-inter-level travel time spent in this place.
 C = Inter-level travel time spent in this place.
 D = Time resting spent in this place.
 E = Time spent auto-exploring this place.
 F = Levels seen in this place.
 G = Mean time per level.
                   A        B        C        D        E       F      G
               +--------+--------+--------+--------+--------+-----+--------+
         Total |   2324 |   2253 |     71 |      0 |   1852 |   4 |  581.0 |
       Dungeon |   2324 |   2253 |     71 |      0 |   1852 |   4 |  581.0 |
               +--------+--------+--------+--------+--------+-----+--------+

Top non-repeatable levels by time:
     D:1: 702 daAuts
     D:3: 645 daAuts
     D:2: 574 daAuts
     D:4: 403 daAuts
